 Dungeon Crawl Stone Soup version 0.30.0-13-g156ef70053 (webtiles) character file.

Game seed: 9215699551002424249

114 monsoonserge the Shooter (level 5, -3/41 HPs)
             Began as a Meteoran Hexslinger on May 17, 2023.
             Slain by Pargi (4 damage)
             ... in a sewer.
             The game lasted 00:11:31 (1395 turns).

monsoonserge the Shooter (Meteoran Hexslinger)      Turns: 1395, Time: 00:11:32

Health: -3/41      AC:  6    Str: 12    XL:     5   Next: 43%
Magic:  6/8        EV:  9    Int: 14    God:
Gold:   133        SH:  7    Dex: 16    Spells: 6/7 levels left

rFire   . . .        a - +1 sling
rCold   . . .        t - +0 kite shield
rNeg    . . .        f - +0 ring mail
rPois   .            (no helmet)
rElec   .            (no cloak)
rCorr   .            (no gloves)
SInv    .            k - +0 pair of boots
Will    .....        (no amulet)
Stlth   +            (no ring)
HPRegen 0.26/turn    (no ring)
MPRegen 0.11/turn

%: no passive effects
@: glowing
A: sense surroundings 1, otherworldly, glowing, explore regen
a: no special abilities


You were in a sewer.
You visited 1 branch of the dungeon, and saw 3 of its levels.
You also visited: Sewer.

You collected 166 gold pieces.
You spent 33 gold pieces at shops.

Inventory:

Hand Weapons
 a - a +1 sling (weapon)
Missiles
 p - 5 poisoned darts
Armour
 c - a +0 robe
 f - a +0 ring mail (worn)
 i - a +0 leather armour
 k - a +0 pair of boots (worn)
 m - a +0 chain mail
 t - a +0 kite shield (worn)
Magical Staves
 g - a staff of earth
Scrolls
 b - a scroll of poison
 d - 2 scrolls of fear {unknown}
 h - 4 scrolls of amnesia {unknown}
 n - 2 scrolls of fog {unknown}
 q - a scroll of teleportation
 r - a scroll of brand weapon {unknown}
 s - a scroll of identify {unknown}
Potions
 e - a potion of lignification {unknown}
 j - a potion of heal wounds {unknown}
 l - 2 potions of curing {unknown}
 o - a potion of berserk rage {unknown}
 u - 2 potions of mutation {unknown}


   Skills:
 + Level 1.8 Fighting
 + Level 4.1 Ranged Weapons
 * Level 1.8 Armour
 + Level 2.9 Dodging
 + Level 0.1 Shields
 + Level 1.7 Spellcasting
 + Level 4.0 Hexes


You had 6 spell levels left.
You knew the following spells:

 Your Spells              Type           Power      Damage    Failure   Level
a - Slow                  Hex            48%        N/A       43%         1

Your spell library contained the following spells:

 Spells                   Type           Power      Damage    Failure   Level
 Inner Flame              Hex/Fire       6%         N/A       97%         3
 Portal Projectile        Hex/Tloc       12%        N/A       97%         3
 Cause Fear               Hex            6%         N/A       99%         4
 Hailstorm                Conj/Ice       1%         3d3       100%        3
 Ice Form                 Ice/Tmut       1%         N/A       100%        4
 Simulacrum               Ice/Necr       0%         N/A       100%        6


Dungeon Overview and Level Annotations

Branches:
Dungeon (3/15) Zot: 474     Sewer (1/1) Zot: 453

Altars:

Shops:
D:1 ?   D:2 [*=

Annotations:
Sewer Pargi


Innate Abilities, Weirdness & Mutations

You passively map a small area around you.
You are easily found by Zot.
You glow in the dark.
You regain HP and MP as you explore.


Message History

Pargi claws you but does no damage. x2
Your magical contamination has completely faded away.
There is an empty arch of ancient stone here.
Pargi attacks as you move away! You block Pargi's attack.
Pargi claws you but does no damage. Pargi barely misses you.
You enter the shallow water.
Moving in this stuff is going to be slow.
You block Pargi's attack. x2; Pargi claws you but does no damage.
You shoot a sling bullet. The sling bullet hits Pargi.
Pargi is lightly wounded.
You block Pargi's attack. Pargi claws you.
* * * LOW HITPOINT WARNING * * *
Pargi claws you but does no damage. You block Pargi's attack.
Pargi completely misses you. Pargi claws you but does no damage.
You shoot a sling bullet. The sling bullet closely misses Pargi.
Pargi bites you but does no damage. Pargi claws you.
* * * LOW HITPOINT WARNING * * *
You block Pargi's attack.
You shoot a sling bullet. The sling bullet hits Pargi.
Pargi is lightly wounded.
Pargi bites you.
* * * LOW HITPOINT WARNING * * *
Pargi claws you but does no damage. Pargi closely misses you. Pargi misses you.
Pargi claws you but does no damage. x2
You shoot a sling bullet.
The sling bullet hits Pargi but does no damage.
Pargi is lightly wounded.
Pargi barely misses you. You block Pargi's attack. x2
You shoot a sling bullet. The sling bullet barely misses Pargi.
Pargi closely misses you. Pargi claws you.
* * * LOW HITPOINT WARNING * * *
Pargi claws you but does no damage. Pargi bites you.
* * * LOW HITPOINT WARNING * * *
Pargi claws you.
* * * LOW HITPOINT WARNING * * *
Pargi barely misses you.
You shoot a sling bullet. The sling bullet closely misses Pargi.
Pargi looks around nervously.
Pargi bites you.
You die...

#####################
#.##.##.##∩##.##.##.#
#.##.##.##.##.##.##.#
#'##'##'##.##'##'##)#
*######.......@...........# *
~
~~~~~#~~~~~~~~T.~~~~~~~~~#~~~~
≈≈≈≈≈#≈≈≈≈≈≈≈≈≈∩≈≈≈≈≈≈≈≈≈#≈≈≈≈
~~~~~#~~~~~~~~~.~~~~~~~~~#~~~~
######...................#####
#'##'##'##'##+##+##+#
#.##.##.##.# * * #.##.##.##.#
############ *


You could see Pargi.

Vanquished Creatures
  A sleepcap (D:3)
  Terence (D:2)
  An adder (D:2)
  A river rat (D:3)
  A worm (D:3)
  A dart slug (D:2)
  4 ball pythons
  5 bats
  3 endoplasms
  2 giant cockroaches (D:1)
  A goblin (D:2)
  2 hobgoblins (D:1)
  8 jackals (D:2)
  5 kobolds
  A frilled lizard (D:1)
  A rat (D:1)
38 creatures vanquished.

Notes
Turn   | Place    | Note
-------+----------+-------------------------------------------
     0 | D:1      | monsoonserge the Meteoran Hexslinger began the quest for
                  | the Orb.
     0 | D:1      | Reached XP level 1. HP: 16/16 MP: 3/3
   113 | D:1      | Reached XP level 2. HP: 23/23 MP: 3/5
   118 | D:1      | You fall into a shaft and drop 1 floor!
   164 | D:2      | Found Zossifot's Armour Shop.
   197 | D:1      | Found The Oracle's Delphic Readings.
   221 | D:1      | Reached XP level 3. HP: 28/28 MP: 6/6
   659 | D:1      | Reached XP level 4. HP: 35/35 MP: 7/7
   819 | D:2      | Found Ekhiesot's General Store.
   825 | D:2      | Bought a scroll of teleportation for 33 gold pieces
   829 | D:2      | Noticed Terence
   857 | D:2      | Killed Terence
   858 | D:2      | Reached skill level 1 in Armour
  1059 | D:2      | Found Xigiusir's Jewellery Boutique.
  1062 | D:2      | Glimpsed the power of Zot.
  1115 | D:3      | Reached XP level 5. HP: 24/41 MP: 8/8
  1219 | D:3      | Found a glowing drain.
  1267 | Sewer    | Entered a sewer
  1360 | Sewer    | Noticed Pargi
  1394 | Sewer    | HP: 2/41 [Pargi (2)]
  1395 | Sewer    | Slain by Pargi

Illustrated notes

Levels and vault maps discovered:
D:1:      arrival_zaba_pyramid, layout_basic, nicolae_nh_oracle_at_delphi
D:2:      layout_loops_corners, serial_shops, nicolae_shop_tiny_real_fake_doors,
          nicolae_shop_statue_plus, shop_fountains,
          hangedman_abyss_or_decor_lesser_grid, uniq_terence
D:3:      layout_basic, serial_shops, nicolae_shop_tiny_real_fake_doors,
          cheibrodos_sewer_entry_sluice, minmay_fountain_box,
          minmay_misc_feat_chi
Sewer:    kennysheep_door_sewer

Skill      XL: |  1  2  3  4 |
---------------+-------------+-----
Ranged Weapons | 3 4 |  4.1
Armour         | 1 |  1.8
Hexes          | 4 |  4.0
Fighting       | |  1.8
Dodging        | |  2.9
Shields        | |  0.1
Spellcasting   | |  1.7

Action                     |  1- 3 |  4- 6 || total
---------------------------+-------+-------++-------
   Fire: Sling             |    90 |    96 ||   186
   Cast: Slow              |     9 |     8 ||    17
 Armour: Robe              |    11 |       ||    11
         Leather armour    |     5 |       ||     5
         Ring mail         |     4 |    49 ||    53
  Dodge: Dodged            |    41 |    60 ||   101
  Block: Kite shield       |       |    43 ||    43
